 Dungeon Crawl Stone Soup version 0.29-a0-352-g0917bc69df (webtiles) character file.

Game seed: 1682001026125831297

63 sokol815 the Sneak (level 4, -4/28 HPs)
             Began as an Octopode Fire Elementalist on Apr 24, 2022.
             Killed from afar by an orc wizard (11 damage)
             ... with a magic dart
             ... on level 3 of the Dungeon.
             The game lasted 00:04:45 (2255 turns).

sokol815 the Sneak (Octopode Fire Elementalist)     Turns: 2255, Time: 00:04:46

Health: -4/28      AC:  1    Str:  7    XL:     4   Next: 9%
Magic:  7/7        EV: 13    Int: 19    God:
Gold:   87         SH:  0    Dex: 12    Spells: 6/7 levels left

rFire   . . .      SeeInvis .   a - +0 dagger
rCold   . . .      Faith    .   (no shield)
rNeg    . . .      Spirit   .   (helmet restricted)
rPois   .          Reflect  .   (no amulet)
rElec   .          Harm     .   X - ring of resist corrosion
rCorr   +          Rampage  .   (no ring)
Will    .....                   (no ring)
Stlth   ++........              (no ring)
HPRegen 0.09/turn               (no ring)
MPRegen 0.10/turn               (no ring)
                                (no ring)
                                (no ring)

@: confused, ambrosia-drunk
A: almost no armour, amphibious, 8 rings, camouflage 1, gelatinous body 1,
(nimble swimmer 1), tentacles
a: no special abilities


You were on level 3 of the Dungeon.
You visited 1 branch of the dungeon, and saw 3 of its levels.

You collected 87 gold pieces.

Inventory:

Hand Weapons
 a - a +0 dagger (weapon)
   (You took it off a kobold on level 1 of the Dungeon)
Missiles
 s - 74 stones
Jewellery
 c - a ring of ice {rC+, rF-}
   (You found it on level 2 of the Dungeon)
 X - a ring of resist corrosion (left tentacle)
   (You found it on level 1 of the Dungeon)
Scrolls
 f - 3 scrolls of holy word {unknown}
 g - a scroll of enchant weapon
 h - a scroll of teleportation {unknown}
 i - a scroll of enchant armour
 k - a scroll of torment {unknown}
Potions
 b - a potion of might {unknown}
 e - a potion of cancellation
 M - a potion of magic


   Skills:
 + Level 1.6 Fighting
 * Level 2.2 Short Blades
 - Level 2.0 Dodging
 + Level 3.9 Stealth
 - Level 2.0 Spellcasting
 - Level 1.0 Conjurations
 - Level 3.0 Fire Magic


You had 6 spell levels left.
You knew the following spells:

 Your Spells              Type           Power      Damage    Failure   Level
a - Foxfire               Conj/Fire      36%        2x1d5     8%          1

Your spell library contained the following spells:

 Spells                   Type           Power      Damage    Failure   Level
 Scorch                   Fire           26%        2d6       8%          2
 Conjure Flame            Conj/Fire      9%         6-21      22%         3
 Inner Flame              Hex/Fire       7%         N/A       26%         3
 Flame Wave               Conj/Fire      9%         2d5       58%         4


Dungeon Overview and Level Annotations

Branches:
Dungeon (3/15)

Altars:

Shops:
D:2 *


Innate Abilities, Weirdness & Mutations

You cannot wear most types of armour.
You are amphibious.
You can wear up to eight rings at the same time.
Your skin changes colour to match your surroundings (Stealth+).
Your rubbery body absorbs attacks. (AC +1, EV +1)
((You are camouflaged when in or above water. (Stealth+)))
You have tentacles for arms and can constrict up to eight enemies at once.


Message History

e - a potion of cancellation
As you read the scroll of identify {@r1}, it crumbles to dust.
i - a scroll of enchant armour
As you read the scroll of identify {@r1}, it crumbles to dust.
g - a scroll of enchant weapon
As you read the scroll of identify {@r1}, it crumbles to dust.
d - a scroll of noise You drop a scroll of noise {!r}.
There is a faded altar of an unknown god here.
Found Vimin's General Store.
There is an entrance to Vimin's General Store here.
Done exploring.
(D) Dungeon
Where to? (Enter - D:2, ? - help)
There is an entrance to Vimin's General Store here.
A kobold comes into view. It is wielding a +0 short sword.
You conjure some foxfire!
The kobold shouts!
You now have 6/7 mp.
You conjure some foxfire!
The foxfire hits the kobold but does no damage.
You now have 5/7 mp.
You miscast Foxfire.
You are very lightly contaminated with residual magic.
Nothing appears to happen.
The foxfire hits the kobold.
You kill the kobold!
You now have 4/7 mp.
Your magical contamination has completely faded away.
s - 74 stones (gained 18);
b - a glowing coppery potion
Things that are here:
a +0 short sword; a kobold corpse MP restored: 7 Done exploring.
(D) Dungeon
Where to? (Enter - D:3, ? - help)
You see here a quokka skeleton.
There is a stone staircase leading down here.
You climb downwards.
There is a stone staircase leading up here.
An orc wizard is nearby!
Unknown command. 2 orcs come into view.
Found a stone staircase leading down.
The orc shouts!
You hear a shout!
The orc wizard shouts!
The orc wizard hits you with a +0 dagger.
You take 3 damage, and have 25/28 hp.
You hit the orc wizard but do no damage.
Your grab misses the orc wizard.
Unknown command.
You conjure some foxfire!
The orc wizard gestures wildly while chanting.
The orc wizard flickers and vanishes!
Deactivating autopickup; reactivate with Ctrl-A.
You now have 6/7 mp.
You conjure some foxfire!
The foxfire hits something but does no damage. x2
The foxfire hits the orc.
You hear some strange, mumbled words.
You are confused.
You now have 5/7 mp.
You're too confused to cast spells.
You miss something.
The foxfire hits the orc.
You kill the orc!
Something hits you.
You take 2 damage, and have 24/28 hp.
You completely miss something.
An orc comes into view.
It is wielding a +0 whip and wearing a +1 leather armour of cold resistance.
Something barely misses you. The orc misses you.
The orc attacks as you move away! The orc barely misses you.
You hear some strange, mumbled words.
You are more confused.
You're too confused to move!
The orc misses you. The orc attacks as you move away!
The orc hits you with a +0 whip.
You take 6 damage, and have 18/28 hp.
MASSIVE DAMAGE!!
You bump into the rock wall.
Something hits you. The orc hits you with a +0 whip.
You take 7 damage, and have 11/28 hp.
MASSIVE DAMAGE!!
Something hits you.
* * * LOW HITPOINT WARNING * * *
A magic dart appears from out of thin air!
The magic dart hits you.
* * * LOW HITPOINT WARNING * * *
You take 8 damage, and have 3/28 hp.
MASSIVE DAMAGE!!
You bump into the rock wall.
The orc hits you with a +0 whip.
* * * LOW HITPOINT WARNING * * *
You take 1 damage, and have 2/28 hp.
Unknown command.
Really quaff
G - a potion of ambrosia {!q}? [Y]es or [N]o only, please.
Really quaff
G - a potion of ambrosia {!q}?
You are more confused.
You feel invigorated.
You hear some strange, mumbled words.
A magic dart appears from out of thin air!
The magic dart hits you!
You die...

.#...## .....#
.# #....# .# ..
#....#..###
....#..).#.....
#.............
...>#.#.o#.#..#
. # #{o# #.@#
#<.#
#.............
######..#.....
#..###... #...
.. #.##. . #.#
. #.. .


You could see 2 orcs.

Vanquished Creatures
  An adder (D:2)
  A dart slug (D:1)
  An orc (D:3)
  2 endoplasms
  3 giant cockroaches
  5 goblins
  5 hobgoblins
  3 jackals (D:1)
  5 kobolds
  5 quokkas
  2 ball pythons
  5 bats
  4 frilled lizards (D:1)
  3 rats
45 creatures vanquished.

Vanquished Creatures (others)
  56 foxfires
  A fungus (D:2)
  A plant (D:2)
58 creatures vanquished.

Grand Total: 103 creatures vanquished

Notes
Turn   | Place    | Note
-------+----------+-------------------------------------------
     0 | D:1      | sokol815 the Octopode Fire Elementalist began the quest for
                  | the Orb.
     0 | D:1      | Reached XP level 1. HP: 11/11 MP: 3/3
   264 | D:1      | Reached skill level 3 in Stealth
   372 | D:1      | Reached XP level 2. HP: 14/18 MP: 0/5
   511 | D:1      | Reached skill level 1 in Short Blades
   530 | D:1      | Reached skill level 1 in Fighting
  1020 | D:1      | Reached XP level 3. HP: 23/23 MP: 4/6
  1564 | D:2      | Reached skill level 2 in Short Blades
  2034 | D:2      | Found a faded altar of an unknown god.
  2047 | D:2      | Reached XP level 4. HP: 28/28 MP: 7/7
  2135 | D:2      | Found Vimin's General Store.
  2253 | D:3      | HP: 3/28 [something/magic dart (5)]
  2255 | D:3      | Killed from afar by an orc wizard

Illustrated notes

Levels and vault maps discovered:
D:1:      spicycebolla_arrival_xxxplode, layout_basic, serial_curves,
          eino_curves_04, eino_curves_04
D:2:      layout_rooms, shapermc_ecumenical_altar_gd, serial_shops, shop
D:3:      layout_basic, jmf_multi_god_temple2, uniq_robin

Skill      XL: |  1  2  3 |
---------------+----------+-----
Stealth        | 3 |  3.9
Short Blades   | 1 2 |  2.2
Fighting       | 1 |  1.6
Dodging        | |  2.0
Spellcasting   | |  2.0
Conjurations   | |  1.0
Fire Magic     | |  3.0

Action                   |  1- 3 |  4- 6 || total
-------------------------+-------+-------++-------
Melee: Dagger            |    56 |     4 ||    60
       Constrict         |    17 |       ||    17
       Tentacles         |    13 |       ||    13
       Unarmed           |     1 |       ||     1
Throw: Stone             |     7 |       ||     7
 Cast: Foxfire           |    29 |     4 ||    33
  Use: Scroll            |       |     5 ||     5
       Potion            |       |     1 ||     1
 Stab: Sleeping          |     8 |     1 ||     9
Armor: Skin              |     3 |       ||     3
Dodge: Dodged            |    28 |     4 ||    32

Table legend: (Time is in decaauts)
 A = Elapsed time spent in this place.
 B = Non-inter-level travel time spent in this place.
 C = Inter-level travel time spent in this place.
 D = Time resting spent in this place.
 E = Time spent auto-exploring this place.
 F = Levels seen in this place.
 G = Mean time per level.
                   A        B        C        D        E       F      G
               +--------+--------+--------+--------+--------+-----+--------+
         Total |   2249 |   2181 |     68 |    349 |   1558 |   3 |  749.7 |
       Dungeon |   2249 |   2181 |     68 |    349 |   1558 |   3 |  749.7 |
               +--------+--------+--------+--------+--------+-----+--------+

Top non-repeatable levels by time:
     D:1: 1548 daAuts
     D:2: 685 daAuts
     D:3: 15 daAuts

Table legend:
 A = Kills in this place as a percentage of kills in entire the game.
 B = Kills by you in this place as a percentage of kills by you in the entire game.
 C = Kills by friends in this place as a percentage of kills by friends in the entire game.
 D = Other kills in this place as a percentage of other kills in the entire game.
 E = Experience gained in this place as a percentage of experience gained in the entire game.
 F = Experience gained in this place divided by the number of levels of this place that you have seen.
                   A       B       C       D       E      F
               +-------+-------+-------+-------+-------+----------------------
         Total | 100.0 | 100.0 |   N/A |   N/A | 100.0 |  30.0
       Dungeon | 100.0 | 100.0 |   N/A |   N/A | 100.0 |  30.0
               +-------+-------+-------+-------+-------+----------------------
